 Dungeon Crawl Stone Soup version 0.27.0-66-gdc8fb28755 (webtiles) character file.

Game seed: 7379207947546811843

83 ZARRMARR the Skirmisher (level 4, -1/37 HPs)
             Began as a Palentonga Fighter on Aug 20, 2021.
             Killed by nerve-wracking pain
             ... invoked by Grinder
              (11 damage)
             ... on level 3 of the Dungeon.
             The game lasted 00:05:31 (2510 turns).

ZARRMARR the Skirmisher (Palentonga Fighter)        Turns: 2510, Time: 00:06:01

Health: -1/37      AC: 10    Str: 20    XL:     4   Next: 22%
Magic:  4/4        EV:  3    Int:  9    God:
Gold:   106        SH:  8    Dex:  9    Spells: 3/3 levels left

rFire    . . .     SeeInvis +   a - +0 flail
rCold    + . .     Faith    .   c - +0 kite shield
rNeg     . . .     Spirit   .   i - +2 chain mail {rC+}
rPois    .         Reflect  .   (no helmet)
rElec    .         Harm     .   (no cloak)
rCorr    .         Rampage  .   (no gloves)
Will     .....                  (no barding)
Stlth    ..........             (no amulet)
HPRegen  0.12/turn              (no ring)
MPRegen  0.09/turn              (no ring)

@: mighty
A: large, rugged brown scales 3, see invisible, deformed body, roll 1, armoured
tail
a: Rolling Charge


You were on level 3 of the Dungeon.
You visited 1 branch of the dungeon, and saw 3 of its levels.

You collected 106 gold pieces.

Inventory:

Hand Weapons
 a - a +0 flail (weapon)
Missiles
 f - 4 javelins (quivered)
Armour
 c - a +0 kite shield (worn)
 i - a +2 chain mail of cold resistance (worn)
Jewellery
 b - a ring of fire
Scrolls
 h - a scroll of fear
Potions
 e - a potion of cancellation {unknown}
 g - a potion of heal wounds {unknown}


   Skills:
 + Level 3.5 Fighting
 + Level 3.3 Maces & Flails
 + Level 0.2 Throwing
 + Level 2.7 Armour
 + Level 2.7 Shields


You had 3 spell levels left.
You didn't know any spells.
Your spell library contained the following spells:

 Spells                   Type           Power      Damage    Failure   Level
 Summon Small Mammal      Summ           0%         N/A       100%        1
 Call Canine Familiar     Summ           0%         N/A       100%        3
 Summon Guardian Golem    Hex/Summ       0%         N/A       100%        3
 Dispersal                Tloc           0%         N/A       100%        6
 Disjunction              Tloc           0%         N/A       100%        8


Dungeon Overview and Level Annotations

Branches:
Dungeon (3/15)

Altars:
Fedhas
Kikubaaqudgha
Xom
Zin

Annotations:
D:3 Grinder


Innate Abilities, Weirdness & Mutations

You are completely covered in rugged brown scales. (AC +3, +7% HP)
You have supernaturally acute eyesight. (SInv)
Armour fits poorly on your strangely shaped body.
You can roll at nearby foes to attack.
You have a long armoured tail.


Message History

You open the door.
A bat comes into view.
Found an opulent altar of Gozag.
A bat is nearby!
Throw: 4 javelins
Press: ? - help, Q - select action, (/) - cycle Shift-Dir - straight line, f - bat
Aim: a bat (34% to hit)
You throw a javelin. The javelin pierces through the bat!
You kill the bat!
Unknown command.
There is an open door here.
Found a burning altar of Makhleb and a blossoming altar of Fedhas.
Found three altars.
You now have 106 gold pieces (gained 8).
The altar is a mimic!
The altar mimic chortles and vanishes in a puff of smoke!
f - 4 javelins (gained 1)
You see here a bat corpse.
The altar is a mimic!
The altar mimic guffaws and vanishes in a puff of smoke!
The altar is a mimic!
The altar mimic guffaws and vanishes in a puff of smoke!
There is an open door here.
You see here a ball python corpse.
Found a stone staircase leading up.
There is a stone staircase leading up here.
Grinder comes into view.
She is carrying a wand of flame (19).
You hit Grinder.
Grinder is lightly wounded.
Grinder gestures at you. Pain shoots through your body!
You feel very mighty all of a sudden.
Grinder zaps a wand.
The puff of flame hits you!
You barely miss Grinder.
Grinder is lightly wounded.
Grinder hits you.
You writhe in agony.
* * * LOW HITPOINT WARNING * * *
Grinder gestures at you. Pain shoots through your body!
You die...

#.#
##############.#
#......<.......#
#.##############
#.# #.# #.# #.#
#@# #...5.#
#######


You could see Grinder.

Vanquished Creatures
  4 adders (D:2)
  A dart slug (D:1)
  An orc (D:2)
  4 ball pythons
  5 endoplasms
  A giant cockroach (D:1)
  3 goblins
  5 hobgoblins
  4 jackals (D:2)
  2 kobolds
  3 quokkas
  4 bats
  A frilled lizard (D:1)
  2 rats (D:2)
40 creatures vanquished.

Notes
Turn   | Place    | Note
-------+----------+-------------------------------------------
     0 | D:1      | ZARRMARR the Palentonga Fighter began the quest for the
                  | Orb.
     0 | D:1      | Reached XP level 1. HP: 19/19 MP: 1/1
   121 | D:1      | Reached XP level 2. HP: 25/25 MP: 2/2
   128 | D:1      | Found a faded altar of an unknown god.
   770 | D:2      | Found an ancient bone altar of Kikubaaqudgha.
   991 | D:2      | Reached XP level 3. HP: 23/31 MP: 3/3
  1702 | D:2      | Reached XP level 4. HP: 30/37 MP: 4/4
  2448 | D:3      | Found an opulent altar of Gozag.
  2452 | D:3      | Found a burning altar of Makhleb.
  2452 | D:3      | Found a blossoming altar of Fedhas.
  2454 | D:3      | Found a shimmering altar of Xom.
  2454 | D:3      | Found a stormy altar of Qazlal.
  2454 | D:3      | Found a glowing silver altar of Zin.
  2507 | D:3      | Noticed Grinder
  2510 | D:3      | Killed from afar by Grinder

Illustrated notes

Levels and vault maps discovered:
D:1:      onia_arrival_mini_maze, layout_basic, basic_ecumenical_altar,
          chequers_serial_rivers_micro_b
D:2:      layout_basic, basic_altar
D:3:      layout_loops_ring, old_standard_altar, amcnicky_altar_gilded,
          doesnt_xom_only_xom, serial_shops,
          nicolae_shop_temple_entry_statues_fountains, kennysheep_flooded_box,
          uniq_grinder

Skill      XL: |  1  2  3 |
---------------+----------+-----
Maces & Flails | 3 |  3.3
Fighting       | |  3.5
Throwing       | |  0.2
Armour         | |  2.7
Shields        | |  2.7

Action                   |  1- 3 |  4- 6 || total
-------------------------+-------+-------++-------
Melee: Flail             |    82 |    25 ||   107
       Tailslap          |     7 |     3 ||    10
Throw: Javelin           |    12 |     4 ||    16
 Abil: Rolling Charge    |    17 |     6 ||    23
  Use: Scroll            |       |     1 ||     1
       Potion            |       |     1 ||     1
Armor: Scale mail        |    23 |       ||    23
       Chain mail        |    15 |    12 ||    27
Dodge: Dodged            |    11 |     3 ||    14
Block: Kite shield       |    45 |    17 ||    62
